Cogmind - Beta 15 @@@ ROGUE MODE // 2025.09.07 @ 15:37:47 Player: konomiyu Result: Destroyed by G-47 Trooper with Particle Gun Performance ------------- Evolutions (2) 1000 Regions Visited (4) 800 Robots Destroyed (33) 165 Value Destroyed (954) 954 Prototype IDs (5) 100 Alien Tech Used (0) 0 Bonus (0) 0 TOTAL SCORE: 3019 Bonus ------- None Cogmind --------- Core Integrity 0/550 Matter 430/450 Energy 160/160 System Corruption 4% Temperature Cool (9) Movement Walking (120) Location -8/Materials Parts ------- > --- POWER (1) -------- Light Nuclear Core > --- PROPULSION (2) --- Carbon-fiber Leg > --- UTILITY (5) ------ Improved Heat Sink Large Matter Pod Advanced Visual Processing Unit > --- WEAPON (3) ------- Assault Rifle > --- INVENTORY (5) ---- (None) Peak State ------------ > --- POWER ------------ Light Nuclear Core > --- PROPULSION ------- Light Treads > --- UTILITY ---------- Improved Heat Sink Machine Analyzer Makeshift Targeting Computer Core Shielding > --- WEAPON ----------- Subdweller Beam Cannon Flamer Flamer > --- INVENTORY -------- Subdweller Power Source Assault Rifle [Rating: 19] Favorites ----------- Power Ion Engine Engine Ion Engine Power Core Light Nuclear Core Propulsion Light Treads Treads Light Treads Leg Carbon-fiber Leg Utility Machine Analyzer Device Sensor Array Storage Small Storage Unit Processor Machine Analyzer Protection Core Shielding Weapon Assault Rifle Energy Gun Field Laser Energy Cannon Subdweller Beam Cannon Ballistic Gun Assault Rifle Special Weapon Flamer Slashing Weapon Makeshift Sword Build | -11 -10 -10 -10 -8 ------- Run | Yrd Mat Min Sub Mat Slots Evolved 4 | . . . . 4 Power . | . . . . . Propulsion . | . . . . . Utility 3 | . . . . 3 Weapon 1 | . . . . 1 Parts Attached 34 | 6 3 3 9 13 Power 5 | 1 . 1 1 2 Engine 3 | 1 . 1 . 1 Core 2 | . . . 1 1 Reactor . | . . . . . Propulsion 4 | 2 1 . . 1 Treads 3 | 2 1 . . . Leg 1 | . . . . 1 Wheel . | . . . . . Hover . | . . . . . Flight . | . . . . . Utility 11 | 1 2 1 2 5 Device 4 | . 1 1 1 1 Storage 2 | 1 . . . 1 Processor 3 | . . . 1 2 Hackware . | . . . . . Protection 2 | . 1 . . 1 Artifact . | . . . . . Weapon 14 | 2 . 1 6 5 Energy Gun 2 | . . . . 2 Energy Cannon 1 | . . . 1 . Ballistic Gun 6 | 2 . 1 2 1 Ballistic Cannon . | . . . . . Launcher . | . . . . . Special Weapon 4 | . . . 2 2 Impact Weapon . | . . . . . Slashing Weapon 1 | . . . 1 . Piercing Weapon . | . . . . . Special Melee Weapon . | . . . . . Unidentified Prototypes . | . . . . . Parts Lost 22 | . . 2 5 15 Power 3 | . . . 1 2 Propulsion 2 | . . . 1 1 Utility 7 | . . 1 1 5 Weapon 10 | . . 1 2 7 Highest Loss Streak 8 | . . 2 2 8 To Critical Strikes . | . . . . . Average Backups 3 | 1 4 3 4 . Power 1 | . 1 2 1 . Propulsion . | . . . . . Utility 1 | . . 1 2 . Weapon . | . 2 . . . Tool/Special . | . . . . . Unused Backups 2 | . 2 . . . Power . | . . . . . Propulsion . | . . . . . Utility . | . . . . . Weapon 2 | . 2 . . . Tool/Special . | . . . . . Average Slot Usage (%) 86 | . 92 99 94 47 Engine 9 | . 14 14 6 4 Core 3 | . . . 7 2 Treads 21 | . 28 28 23 1 Device 8 | . 7 13 11 1 Storage 2 | . 7 . . 4 Processor 8 | . . . 13 16 Protection 5 | . 6 14 3 2 Energy Cannon 2 | . . . 4 1 Ballistic Gun 19 | . 28 28 17 5 Special Weapon 2 | . . . 5 2 Peak Build Rating 19 | 6 8 7 15 19 Average Rating 10 | 4 6 6 12 10 On Entrance 6 | . 6 7 7 14 Naked Turns . | . . . . . Heaviest Build 19 | 14 15 11 16 19 Greatest Support 40 | 40 40 40 40 20 Greatest Overweight (x) 5 | . . . . 5 Average Overweight (x) . | . . . . 1 Largest Inventory Capacity 8 | 8 8 5 5 5 Average Capacity 5 | 6 6 5 5 5 Most Carried 7 | 3 7 4 5 4 Average Carried 3 | 1 4 3 4 . Final Capacity 8 | 8 5 5 5 5 Final Carried 5 | 2 4 3 5 . Class Distribution -------------------- 98% | Mutant Dominant Class ---------------- Mutant | -10/Materials Mutant | -10/Mines Mutant | -10/Subcaves Mutant | -8/Materials Resources | -11 -10 -10 -10 -8 ----------- Run | Yrd Mat Min Sub Mat Matter Collected 1087 | 214 210 90 226 347 Remotely . | . . . . . Salvage Created 1114 | . 424 91 219 380 Parts 64 | . 27 6 12 19 Haulers Intercepted 1 | . 1 . . . Recyclers Shooed 1 | . . . . 1 Parts Field Recycled . | . . . . . Retrieved Matter . | . . . . . Parts Self-Destructed 4 | . . . 4 . Prevented . | . . . . . Kills | -11 -10 -10 -10 -8 ------- Run | Yrd Mat Min Sub Mat Combat Hostiles Destroyed 25 | . 8 4 5 8 Melee 2 | . . . 1 1 Guns 20 | . 7 4 4 5 Cannons 2 | . . . . 2 AOE 1 | . 1 . . . Classes Destroyed 11 | . 7 . 2 2 Worker 2 | . 2 . . . Builder 2 | . 1 . . 1 Hauler 1 | . 1 . . . Recycler 1 | . 1 . . . Watcher 2 | . 2 . . . Swarmer 5 | . 2 3 . . Grunt 13 | . 6 1 . 6 Brawler 1 | . . . . 1 Sentry 1 | . . . 1 . Hunter 1 | . . . . 1 Subdweller 4 | . . . 4 . Best Kill Streak 8 | . 8 3 1 2 Combat Bots Only 3 | . 2 3 1 2 Max Kills in Single Turn 7 | . 7 1 1 1 Gunslinging . | . . . . . Exploded 1 | . 1 . . . Melee 1 | . . . 1 1 Uniques/NPCs Destroyed . | . . . . . Combat | -11 -10 -10 -10 -8 -------- Run | Yrd Mat Min Sub Mat Hostile Shots Fired 228 | . 47 21 33 127 Missed 61 | . 12 6 10 33 Hits 167 | . 35 15 23 94 Melee 4 | . . . . 4 Projectile 163 | . 35 15 23 90 AOE 3 | . . . 2 1 Critical Strikes 1 | . . . . 1 Damage Taken 2561 | . 376 156 595 1434 Core 694 | . 34 5 96 559 Absorbed by Shields . | . . . . . Redirected to Shielding 23 | . 4 1 2 16 Core Remaining (%) 73 | 100 . . 46 . Volleys Fired 107 | . 26 8 21 52 Largest 3 | . 2 2 2 3 Hottest 280 | . 40 40 128 280 Shots Fired 176 | . 52 16 36 72 Gun 159 | . 52 16 30 61 Cannon 7 | . . . . 7 Launcher . | . . . . . Special 10 | . . . 6 4 Kinetic 121 | . 52 16 30 23 Thermal 55 | . . . 6 49 Explosive . | . . . . . Electromagnetic . | . . . . . Robot Hit Streak 12 | . 5 7 9 12 Robot Miss Streak 3 | . 2 3 3 2 Penetration Max . | . . . . . Secondary Targets 1 | . 1 . . . Max Gunslinging Chain 1 | . 1 . . . Shots Hit Robots 110 | . 27 11 16 56 Core Hits 57 | . 17 6 9 25 Critical Kills 1 | . . . 1 . Critical Parts Destroyed . | . . . . . Critical Strikes 2 | . . . 1 1 Burn 1 | . . . . 1 Destroy 1 | . . . 1 . Melee Attacks 3 | . . . 3 . Impact . | . . . . . Slashing 3 | . . . 3 . Piercing . | . . . . . Sneak Attacks . | . . . . . Combat Hostiles . | . . . . . Follow-up Attacks . | . . . . . Damage Inflicted 2331 | . 1007 146 264 914 Guns 1368 | . 360 146 172 690 Cannons 167 | . . . . 167 Explosions 647 | . 647 . . . Melee 70 | . . . 70 . Ramming 15 | . . . . 15 Kinetic 854 | . 360 146 172 176 Thermal 745 | . . . 22 723 Explosive 647 | . 647 . . . Electromagnetic . | . . . . . Impact . | . . . . . Slashing 70 | . . . 70 . Piercing . | . . . . . Highest Corruption 4 | . . . . 4 Average Corruption 3 | . . . . 3 Corruption Purged . | . . . . . Corruption Blocked . | . . . . . Effects 12 | . . . . 12 Message Errors 5 | . . . . 5 Heat Flow Errors 2 | . . . . 2 Energy Discharges 1 | . . . . 1 Parts Fused 1 | . . . . 1 Data Loss (minor) 1 | . . . . 1 Data Loss (major) 1 | . . . . 1 Misfires 1 | . . . . 1 Overload Shots . | . . . . . Overflow Damage 131 | . 131 . . . Projectiles . | . . . . . Explosions 131 | . 131 . . . Melee . | . . . . . Knockbacks . | . . . . . Impact . | . . . . . Kinetic . | . . . . . Secondary . | . . . . . Self-Inflicted Damage 5 | . . . . 5 Shots . | . . . . . Rammed 11 | . . . . 11 Targets Rammed 11 | . . . . 11 Kicked . | . . . . . Crushed . | . . . . . Highest Temperature 391 | . 5 2 . 391 Average Temperature 120 | . 2 2 . 127 Received Heat Transfer 954 | . 156 36 159 603 Effects 2 | . . . . 2 Energy Bleed 1 | . . . . 1 Matter Decay 1 | . . . . 1 Siege Activations . | . . . . . Martial Activations . | . . . . . Shielding Activations . | . . . . . Robots Disrupted . | . . . . . Combat Hostiles . | . . . . . Robots Corrupted . | . . . . . Combat Hostiles . | . . . . . Parts Fried . | . . . . . Impact Corruptions . | . . . . . Robots Melted . | . . . . . Combat Hostiles . | . . . . . Parts Melted 3 | . . . . 3 Heat Transferred 2009 | . . . 160 1849 Parts Sabotaged . | . . . . . Parts Stolen . | . . . . . Parts Stripped . | . . . . . Power Chain Reactions . | . . . . . Alert | -11 -10 -10 -10 -8 ------- Run | Yrd Mat Min Sub Mat Maximum Alert Level . | . . . . . Low Security (%) 100 | 100 100 100 . 100 Level 1 . | . . . . . Level 2 . | . . . . . Level 3 . | . . . . . Level 4 . | . . . . . Level 5 . | . . . . . High Security . | . . . . . Max Security . | . . . . . Peak Influence 142 | . 142 94 . 50 Initial 24 | . . 24 . . Average 34 | . 63 20 . 9 Influence Increases 686 | . 322 115 20 229 Destroy 0b10 Robot/C 420 | . 160 80 20 160 Destroy 0b10 Robot/NC 40 | . 35 . . 5 Destroy Leader 86 | . 26 20 . 40 Successful Hack 46 | . 39 . . 7 Disable Machine 15 | . 15 . . . Destroy Structure 4 | . 2 . . 2 Lose Combat Pursuer 75 | . 45 15 . 15 Influence Decreases 657 | . 258 179 20 200 Entered New Map 40 | . . 40 . . Time Decay 524 | . 258 119 20 127 Lost Part 93 | . . 20 . 73 Squads Dispatched 5 | . 2 . . 3 Investigation 2 | . 2 . . . Extermination . | . . . . . Reinforcement 3 | . . . . 3 Assault . | . . . . . Garrison . | . . . . . Intercept . | . . . . . Searches Triggered . | . . . . . Construction Impeded 1 | . . . . 1 Haulers Reinforced . | . . . . . Active Scanning Responses . | . . . . . Cargo Convoy Interrupts . | . . . . . Stealth | -11 -10 -10 -10 -8 --------- Run | Yrd Mat Min Sub Mat Distress Signals 4 | . 2 . . 2 Communications Jammed . | . . . . . Distress Signals . | . . . . . Times Spotted 54 | . 21 5 6 22 Peak Tracking Total 16 | . 7 3 2 16 Tactical Retreats 5 | . 3 1 . 1 Traps | -11 -10 -10 -10 -8 ------- Run | Yrd Mat Min Sub Mat Traps Triggered . | . . . . . Indirectly . | . . . . . Trap Hack Attempts . | . . . . . Triggered . | . . . . . Disarmed . | . . . . . Reprogrammed . | . . . . . Reused . | . . . . . Traps Extracted . | . . . . . Installed . | . . . . . Triggered . | . . . . . Machines | -11 -10 -10 -10 -8 ---------- Run | Yrd Mat Min Sub Mat Machines Disabled 1 | . 1 . . . Max in Single Turn 1 | . 1 . . . Machines Repaired . | . . . . . Machines Dismantled . | . . . . . Machines Sabotaged . | . . . . . Overloaded Fab Kills . | . . . . . Hacking | -11 -10 -10 -10 -8 --------- Run | Yrd Mat Min Sub Mat Machines Accessed 9 | . 7 . . 2 Terminals 7 | . 6 . . 1 Fabricators . | . . . . . Repair Stations 1 | . 1 . . . Recycling Units . | . . . . . Scanalyzers 1 | . . . . 1 Garrison Access . | . . . . . Total Hacks 29 | . 23 . . 6 Successful 11 | . 8 . . 3 Failed 18 | . 15 . . 3 Catastrophic 4 | . 3 . . 1 Database Lockouts . | . . . . . Manual 19 | . 17 . . 2 Terminals 24 | . 21 . . 3 Fabricators . | . . . . . Repair Stations 2 | . 2 . . . Recycling Units . | . . . . . Scanalyzers 3 | . . . . 3 Garrison Access . | . . . . . Terminal Hacks 8 | . 7 . . 1 Robot Analysis 2 | . 2 . . . Prototype ID Bank 3 | . 2 . . 1 Branch Access Points 1 | . 1 . . . Scanalyzer Index 1 | . 1 . . . Registered Components 1 | . 1 . . . Fabricator Hacks . | . . . . . Repair Station Hacks 1 | . 1 . . . Scan Component 1 | . 1 . . . Recycling Unit Hacks . | . . . . . Scanalyzer 2 | . . . . 2 Insert Component 1 | . . . . 1 Analyze 1 | . . . . 1 Garrison Access Hacks . | . . . . . Unauthorized Hacks . | . . . . . Terminals . | . . . . . Fabricators . | . . . . . Repair Stations . | . . . . . Recycling Units . | . . . . . Scanalyzers . | . . . . . Garrison Access . | . . . . . Data Cores Recovered . | . . . . . Used . | . . . . . Hacking Detections 8 | . 6 . . 2 Full Trace Events 4 | . 2 . . 2 Feedback Events . | . . . . . Feedback Blocked . | . . . . . Robot Schematics Acquired . | . . . . . Robots Built . | . . . . . Authchips . | . . . . . Time . | . . . . . Total Robot Build Rating . | . . . . . Part Schematics Acquired . | . . . . . Parts Built . | . . . . . Authchips . | . . . . . Time . | . . . . . Total Part Build Rating . | . . . . . Parts Repaired . | . . . . . Time . | . . . . . Parts Recycled . | . . . . . Recycled Matter . | . . . . . Retrieved Matter . | . . . . . Retrieved Components . | . . . . . Parts Scanalyzed 1 | . . . . 1 Part Schematics Acquired . | . . . . . Parts Damaged . | . . . . . Bothacking | -11 -10 -10 -10 -8 ------------ Run | Yrd Mat Min Sub Mat Used RIF Installer . | . . . . . Robots Hacked . | . . . . . Non-combat . | . . . . . Combat . | . . . . . Robot Hacks Applied . | . . . . . Relay Couplers Released . | . . . . . Fabnet Peak Effective % . | . . . . . Robots Rewired . | . . . . . Allies Hacked . | . . . . . Hacks Repelled . | . . . . . Allies | -11 -10 -10 -10 -8 -------- Run | Yrd Mat Min Sub Mat Total Allies . | . . . . . Largest Group . | . . . . . Highest-Rated Group . | . . . . . Highest-Rated Ally . | . . . . . Total Orders . | . . . . . Ally Attacks . | . . . . . Total Damage . | . . . . . Kills . | . . . . . Allies Corrupted . | . . . . . Allies Melted . | . . . . . Intel | -11 -10 -10 -10 -8 ------- Run | Yrd Mat Min Sub Mat Active Infowar (turns) 3050 | . 442 524 1570 514 Optics 11 | . . . . 11 Sensors 1451 | . 442 524 485 . Machine Analysis 1970 | . . . 1467 503 Robot Analysis Total 2 | . 2 . . . Derelict Logs Recovered 1 | . . 1 . . Drone Launches . | . . . . . Drone Recoveries . | . . . . . Exploration | -11 -10 -10 -10 -8 ------------- Run | Yrd Mat Min Sub Mat Turns Passed 3667 | 96 857 550 1570 594 Spaces Moved 1824 | 54 448 285 843 194 Core 124 | 3 . . . 121 Treads 1659 | 51 448 285 843 32 Legs 41 | . . . . 41 Wheels . | . . . . . Hover . | . . . . . Flight . | . . . . . Fastest Speed 50 | 50 160 160 160 50 Average Speed 160 | 153 160 160 160 169 Slowest Speed 300 | 160 160 160 160 300 Overloaded Moves . | . . . . . Propulsion Burnouts . | . . . . . Robots Hopped . | . . . . . Potential Cave-ins . | . . . . . Cave-ins Triggered . | . . . . . Exploration Rate (%) 47 | 6 88 78 43 21 Regions Visited 4 Branch Regions 2 Pre-discovered Areas 1 | . . 1 . . Known Exits Taken 1 | . 1 . . . Unknown Exits Taken 3 | 1 . 1 1 . Scrap Searched 9 | . . 1 8 . Spaces Dug . | . . . . . Terrain Destroyed 2 | . 1 . . 1 Melee . | . . . . . Projectile 1 | . . . . 1 AOE 1 | . 1 . . . Terrain Rammed . | . . . . . Walls Destroyed . | . . . . . Machines Disabled . | . . . . . Actions | -11 -10 -10 -10 -8 --------- Run | Yrd Mat Min Sub Mat Total 2363 | 67 538 363 1018 377 Wait 336 | . 51 67 125 93 Move 1820 | 53 447 284 842 194 Hop . | . . . . . Pick Up 34 | 8 7 1 8 10 Fast Attach 3 | . 1 . 2 . Attach 28 | 6 1 2 3 16 Detach 1 | . . . . 1 Swap 11 | . 1 1 9 . Drop 9 | . 4 . 5 . Fire 107 | . 26 8 21 52 Melee 3 | . . . 3 . Ram 11 | . . . . 11 Kick . | . . . . . Crush . | . . . . . Escape Stasis . | . . . . . Rewire . | . . . . . Trap . | . . . . . Miscellaneous . | . . . . . Route ------- -11/Scrapyard -10/Materials (discovered 4 exits: [*Mat x2] / *Min x2) -10/Mines (discovered 3 exits: [*Mat x2] / [*Sub]) -10/Subcaves -8/Materials History --------- Turn | Location | Event 65 | -11/Scrapyard | Discovered new exit (range 13) 97 | -11/Scrapyard | Entered Materials 300 | -10/Materials | Discovered new exit (range 4) 307 | -10/Materials | Build established: Mutant 322 | -10/Materials | Identified exit to Mines 752 | -10/Materials | Discovered new exit (range 16) 954 | -10/Materials | Entered Mines 988 | -10/Mines | Learned Materials emergency access door positions 994 | -10/Mines | Met a Derelict bent on vengeance 1025 | -10/Mines | Discovered new exit (range 12) 1204 | -10/Mines | Learned location of Storage (-7) 1352 | -10/Mines | Discovered new exit (range 12) 1495 | -10/Mines | Discovered new exit (range 6) 1504 | -10/Mines | Entered Subcaves 1505 | -10/Subcaves | Approached by a straggling Scientist 1648 | -10/Subcaves | Disturbed a concealed Subdweller 1963 | -10/Subcaves | Discovered new exit (range 8) 2251 | -10/Subcaves | Core integrity fell below 50% 2556 | -10/Subcaves | Disturbed a concealed Subdweller 2862 | -10/Subcaves | Curiously followed by a Cobbler waking with a query about "LVR3C" 3074 | -10/Subcaves | Entered Materials 3074 | -8/Materials | Evolved 4 slots: Utility x3, Weapon x1 3213 | -8/Materials | Lost 8 parts (1p1n2u4w) 3498 | -8/Materials | Core integrity fell below 50% 3611 | -8/Materials | Core integrity fell below 20% 3639 | -8/Materials | Lost 4 parts (3u1w) 3668 | -8/Materials | Destroyed by G-47 Trooper with Particle Gun Last Messages --------------- Computer. 03604_ Acquired Assault Rifle. 03605_ R-06 Scavenger collects Carbon-fiber Leg. 03606_ Broken Machine Analyzer destroyed. 03608_ Mak. Targeting Computer destroyed. 03614_ G-47 Trooper destroyed. 03617_ System corrupted: Component data lost. 03617_ K-01 Serf collects debris. 03621_ R-06 Scavenger collects Particle Gun. 03622_ R-06 Scavenger collects Aluminum Leg. 03622_ Acquired 36 matter. 03623_ K-01 Serf collects debris. 03629_ K-01 Serf destroyed. 03629_ R-06 Scavenger collects Lgt. Ion Engine. 03629_ K-01 Serf collects debris. 03633_ Critical hit (Burn: +37). 03635_ R-06 Scavenger collects Wheel. 03647_ W-25 Informer sends out distress signal. 03656_ Acquired Adv. Visual Processing Unit. 03663_ W-25 Informer sends out distress signal. Map ----- +----------------------------------------------------+ | # "" "" # #??"""???? ????????????????????????? | | / # #???????? ???????????????????????? | | ######### ######## ???????????????????????? | | ######### ^ ???????????????????????? | | ## # % ??????????????????????? | | #/## # ^ ??????????????????????? | | %/%% %/ ^ ??????????????????????? | | ##%% # ^ #?????????????????????????? | | ##% % # ^ #?????????????????????????? | | ## # #?????????????????????????? | | ##########/###########?????????????????????????? | | #????# ########????????????????????????? | | #????# / #????????????????????????? | | #????# ######Y#????????????????????????? | | ?????# #????#g#????????????????????????? | | ?????# """ """ #???#g#????????????????????????? | | ##?????# "R """ ######/####?????????????????????? | | ???????# """ """ #?# g #?????????????????????? | | ???????+ #?# #?????????????????????? | | ?????? ###########?# #?????????????????????? | | ????? ???##### ?#w""" #?????????????????????? | | ?????? # """ #?????????????????????? | | ??????????? H/ """ #?????????????????????? | | ???????????? ; #?????????????????????? | | ???????????????????# """ #?????????????????????? | | ???????????????????# """ @ #?????????????????????? | | ???????????????????# """ !#?????????????????????? | | ???????????????????# #???????+?????????????? | | ???????????????????#########?????????????????????? | | ?????????????????????????????????????????????????? | | ?????????????????????????????????????????????????? | | ?????????????????????????????????????????????????? | | ?????????????????????????????????????+???????????? | | ?????????????????????????????????????????????????? | | ?????????????????????????????????????????????????? | | ?????????????????????????????????????????????????? | | ?????????????????????????????????????????????????? | | ?????????????????????????????????????????????????? | | ?????????????????????????????????????????????????? | | ?????????????????????????????????????????????????? | | ?????????????????????????????????????????????????? | | ?????????????????????????????????????????????????? | | ?????????????????????????????????????????????????? | | ?????????????????????????????????????????????????? | | ?????????????????????????????????????????????????? | | ?????????????????????????????????????????????????? | | ?????????????????????????????????????????????????? | | ?????????????????????????????????????????????????? | | ?????????????????????????????????????????????????? | | ?????????????????????????????????????????????????? | +----------------------------------------------------+ Best States ------------- Heat Dissipation 45 Energy Generation 15 Energy Capacity 250 Matter Stores 450 Matter Capacity 450 Sight Range 20 Robot Scan Range 14 Terrain Scan Density 10 Armor Coverage 225 Core Shielding 20 Evasion (%) 55 Targeting Accuracy 10 Recoil Reduction 2 Item Schematics ----------------- None Robot Schematics ------------------ None Fabricated ------------ Nothing Repaired ---------- Nothing Alien Tech Used ----------------- None Achievements -------------- Fist Fight Challenges ------------ None Game ------ Seed CloakingChipDissipator Manual? 0 Play Time 00:31:32 Cumulative 7.3 hours Start 2025.09.07 @ 15:08:42 End 2025.09.07 @ 15:37:47 Sessions 1 Manual Loads 0 Difficulty Rogue Special Mode None Game No. 10 Rogue 10 Adventurer 0 Explorer 0 Win Type - Total 0 Types 0/0/0/0/0/0/0/0/0/0 Lore% 8 Gallery% 10 Achievement% 14 Wizard Run 0 Options --------- Layout 1 ASCII 0 Keyboard 0 Movement Mouse Keybinds 0 Fullscreen 2 Font 24/Smallcaps Map View 50x35 Zoom Use 0% Tactical HUD 1 Map Filters NONE Filters NONE Steam 1 RUN: 7ce69869-ee27-4f2e-bf7d-d9d14556dbcb